 Dungeon Crawl Stone Soup version 0.30-a0-341-g682706514a (webtiles) character file.

Game seed: 13357198728679435487

79 drewk1942 the Digger (level 4, -1/24 HPs)
             Began as a Gargoyle Earth Elementalist on Nov 1, 2022.
             Slain by Terence
             ... wielding a +0 trident
              (6 damage)
             ... on level 3 of the Dungeon.
             The game lasted 00:04:39 (2408 turns).

drewk1942 the Digger (Gargoyle Earth Elementalist)  Turns: 2408, Time: 00:04:40

Health: -1/24      AC:  7    Str: 12    XL:     4   Next: 38%
Magic:  3/8        EV: 11    Int: 17    God:
Gold:   142        SH:  0    Dex: 10    Spells: 7/8 levels left

rFire   . . .      SeeInvis .    j - +0 mace
rCold   . . .      Faith    .    (no shield)
rNeg    + . .      Spirit   .    a - +0 robe
rPois   ∞          Reflect  .    (no helmet)
rElec   +          Harm     .    (no cloak)
rCorr   .          Rampage  .    v - +1 pair of gloves
Will    .....                    (no boots)
Stlth   ++........               (no amulet)
HPRegen 0.24/turn                (no ring)
MPRegen 0.11/turn                (no ring)

@: no status effects
A: sickness immunity, AC +3, negative energy resistance 1, electricity
resistance, torment resistance 1, petrification resistance
a: no special abilities


You were on level 3 of the Dungeon.
You visited 1 branch of the dungeon, and saw 3 of its levels.

You collected 142 gold pieces.

Inventory:

Hand Weapons
 f - a +0 sling
 j - a +0 mace (weapon)
 u - a +0 triple crossbow
Missiles
 m - a throwing net
 q - 3 poisoned darts
Armour
 a - a +0 robe (worn)
 d - a +0 robe
 v - a +1 pair of gloves (worn)
Magical Staves
 e - a staff of air
Scrolls
 c - 3 scrolls of blinking {unknown}
 g - 2 scrolls of identify {unknown}
 i - a scroll of brand weapon {unknown}
 k - a scroll of immolation {unknown}
 n - 2 scrolls of poison {unknown}
 p - 3 scrolls of magic mapping {unknown}
 s - a scroll of noise {unknown}
Potions
 b - 2 potions of magic
 h - 2 potions of attraction {unknown}
 l - a potion of berserk rage {unknown}
 o - a potion of resistance {unknown}
 r - a potion of heal wounds {unknown}
 t - a potion of curing {unknown}


   Skills:
 - Level 1.5 Dodging
 - Level 2.1 Stealth
 + Level 2.6 Spellcasting
 + Level 1.6 Transmutations
 * Level 5.0 Earth Magic


You had 7 spell levels left.
You knew the following spells:

 Your Spells              Type           Power      Damage    Failure   Level
a - Sandblast             Erth           38%        2d10      2%          1

Your spell library contained the following spells:

 Spells                   Type           Power      Damage    Failure   Level
 Passwall                 Tmut/Erth      10%        N/A       7%          2
 Stone Arrow              Conj/Erth      20%        3d8       19%         3
 Petrify                  Tmut/Erth      13%        N/A       41%         4
 Portal Projectile        Hex/Tloc       4%         N/A       50%         3
 Tukima's Dance           Hex            2%         N/A       50%         3
 Blade Hands              Tmut           4%         N/A       94%         5


Dungeon Overview and Level Annotations

Branches:
Dungeon (3/15)

Altars:
Gozag

Annotations:
D:3 Terence


Innate Abilities, Weirdness & Mutations

You are immune to sickness and miasma.
Your stone body is resilient. (AC +3)
You are immune to poison.
You resist negative energy. (rN+)
You are resistant to electric shocks. (rElec)
You are resistant to unholy torment.
You are immune to petrification.


Message History

Press: ? - help, Shift-Dir - straight line, f/p - Terence
Aim: Terence, wielding a +0 trident and wearing a +0 scale mail (fast, 84% to hit)
The blast of sand misses Terence.
Terence hits you but does no damage. Terence barely misses you. x2
Casting: Sandblast (safe; 2% risk of failure)
Confirm with . or Enter, or press ? or * to list all spells.
Aiming: Sandblast (safe; 2% risk of failure)
Press: ? - help, Shift-Dir - straight line, f/p - Terence
Aim: Terence, wielding a +0 trident and wearing a +0 scale mail (fast, 84% to hit)
The blast of sand hits Terence!
Terence is heavily wounded.
Terence misses you.
Terence hits you from afar with a +0 trident.
Casting: Sandblast (safe; 2% risk of failure)
Confirm with . or Enter, or press ? or * to list all spells.
Aiming: Sandblast (safe; 2% risk of failure)
Press: ? - help, Shift-Dir - straight line, f/p - Terence
Aim: Terence, wielding a +0 trident and wearing a +0 scale mail (heavily wounded, fast, 84% to hit)
The blast of sand hits Terence but does no damage.
Terence is heavily wounded.
Terence hits you from afar with a +0 trident.
Terence barely misses you.
Casting: Sandblast (safe; 2% risk of failure)
Confirm with . or Enter, or press ? or * to list all spells.
Aiming: Sandblast (safe; 2% risk of failure)
Press: ? - help, Shift-Dir - straight line, f/p - Terence
Aim: Terence, wielding a +0 trident and wearing a +0 scale mail (heavily wounded, fast, 84% to hit)
The blast of sand hits Terence!
Terence is severely wounded.
Terence hits you from afar with a +0 trident. x2
Casting: Sandblast (safe; 2% risk of failure)
Confirm with . or Enter, or press ? or * to list all spells.
Aiming: Sandblast (safe; 2% risk of failure)
Press: ? - help, Shift-Dir - straight line, f/p - Terence
Aim: Terence, wielding a +0 trident and wearing a +0 scale mail (severely wounded, fast, 84% to hit)
The blast of sand misses Terence.
Terence hits you from afar with a +0 trident!
* * * LOW HITPOINT WARNING * * *
Terence hits you from afar with a +0 trident.
You die...

#.# ##...## #.####
##.....## #.##.##
##.......##
###.#...####........>#
...........+.........+
##......####.........#
#..#...## ##...@...##
..###..# ##.....##
#..#..## ##.@.##
##...## ##'## ##.##
#.# #.# #.# #.# ##.##
#.# ##...## #.#######
#.....# #.......#
##...##
#######.######.#######


You could see Terence (fast).

Vanquished Creatures
  2 adders
  3 worms
  A dart slug (D:1)
  7 endoplasms
  2 giant cockroaches
  4 goblins
  6 hobgoblins
  A quokka (D:2)
  7 ball pythons
  5 bats
  2 frilled lizards
  4 kobolds
  4 rats
48 creatures vanquished.

Notes
Turn   | Place    | Note
-------+----------+-------------------------------------------
     0 | D:1      | drewk1942 the Gargoyle Earth Elementalist began the quest
                  | for the Orb.
     0 | D:1      | Reached XP level 1. HP: 10/10 MP: 3/3
   217 | D:1      | Reached skill level 1 in Transmutations
   217 | D:1      | Reached XP level 2. HP: 4/15 MP: 0/5
   293 | D:1      | Reached skill level 4 in Earth Magic
   835 | D:2      | Reached XP level 3. HP: 19/19 MP: 2/6
   913 | D:2      | Found an opulent altar of Gozag.
  1897 | D:3      | Reached XP level 4. HP: 24/24 MP: 5/7
  2197 | D:3      | Reached skill level 5 in Earth Magic
  2389 | D:3      | Noticed Terence
  2408 | D:3      | Slain by Terence

Illustrated notes

Levels and vault maps discovered:
D:1:      sevenhm_arrival_forest_fort_large_4, layout_rooms
D:2:      layout_basic, basic_altar, minmay_indecisive_spiral
D:3:      layout_loops_corners, serial_park_tiny_1, uniq_terence

Skill      XL: |  1  2  3  4 |
---------------+-------------+-----
Transmutations | 1 |  1.6
Earth Magic    | 4 5 |  5.0
Dodging        | |  1.5
Stealth        | |  2.1
Spellcasting   | |  2.6

Action                   |  1- 3 |  4- 6 || total
-------------------------+-------+-------++-------
Melee: Mace              |     1 |       ||     1
 Fire: Sling             |    11 |       ||    11
 Cast: Sandblast         |    48 |    21 ||    69
Armor: Robe              |     3 |     1 ||     4
Dodge: Dodged            |     3 |     5 ||     8

Table legend: (Time is in decaauts)
 A = Elapsed time spent in this place.
 B = Non-inter-level travel time spent in this place.
 C = Inter-level travel time spent in this place.
 D = Time resting spent in this place.
 E = Time spent auto-exploring this place.
 F = Levels seen in this place.
 G = Mean time per level.
                   A        B        C        D        E       F      G
               +--------+--------+--------+--------+--------+-----+--------+
         Total |   2444 |   2418 |     26 |      0 |   2033 |   3 |  814.7 |
       Dungeon |   2444 |   2418 |     26 |      0 |   2033 |   3 |  814.7 |
               +--------+--------+--------+--------+--------+-----+--------+

Top non-repeatable levels by time:
     D:2: 1106 daAuts
     D:1: 682 daAuts
     D:3: 655 daAuts
